 Dungeon Crawl Stone Soup version 0.21-a0-372-gd0ff781 (webtiles) character file.

67 Dordric the Cudgeler (level 4, -2/40 HPs)
             Began as a Hill Orc Fighter on Oct 16, 2017.
             Slain by a leopard gecko (3 damage)
             ... on level 2 of the Dungeon.
             The game lasted 00:03:01 (1045 turns).

Dordric the Cudgeler (Hill Orc Fighter)             Turns: 1045, Time: 00:03:01

Health: -2/40      AC:  3    Str: 23    XL:     4   Next: 16%
Magic:  4/4        EV:  7    Int:  8    God:
Gold:   58         SH:  9    Dex: 11    Spells: 3/3 levels left

rFire    . . .     SeeInvis .   a - +1 flail
rCold    . . .     Gourm    .   c - +0 shield
rNeg     . . .     Faith    .   b - +1 scale mail
rPois    .         Spirit   .   (no helmet)
rElec    .         Reflect  .   (no cloak)
rCorr    .         Harm     .   (no gloves)
MR       .....                  (no boots)
Stlth    ..........             (no amulet)
HPRegen  0.13/turn              q - -4 ring of protection (curse)
MPRegen  0.09/turn              (no ring)

@: mighty
A: no striking features
a: no special abilities


You were on level 2 of the Dungeon.
You were not hungry.

You visited 1 branch of the dungeon, and saw 2 of its levels.

You collected 58 gold pieces.

Inventory:

Hand Weapons
 a - a +1 flail (weapon)
 s - a +0 vampiric whip
Armour
 b - a +1 scale mail (worn)
 c - a +0 shield (worn)
Jewellery
 q - a cursed -4 ring of protection (left hand)
Potions
 e - a potion of ambrosia {unknown}
 g - a potion of magic {unknown}
 i - 2 potions of agility {unknown}
 n - 2 potions of haste {unknown}
 o - 2 potions of lignification {unknown}
 t - a potion of degeneration {unknown}
Comestibles
 f - a bread ration
 j - a meat ration
 l - a royal jelly


   Skills:
 - Level 3.7 Fighting
 + Level 4.4 Maces & Flails
 - Level 3.2 Armour
 + Level 0.9 Dodging
 - Level 3.2 Shields


You had 3 spell levels left.
You didn't know any spells.

Dungeon Overview and Level Annotations

Branches:
Dungeon (2/15)

Altars:


Message History

Your shield and scale mail prevent you from hitting the leopard gecko.
You block the leopard gecko's attack.
You hit the leopard gecko.
The leopard gecko is moderately wounded.
The leopard gecko bites you.
* * * LOW HITPOINT WARNING * * *
The leopard gecko hisses menacingly.
The leopard gecko bites you but does no damage.
You miss the leopard gecko.
The leopard gecko is moderately wounded.
The leopard gecko bites you but does no damage.
You miss the leopard gecko.
The leopard gecko is moderately wounded.
The leopard gecko closely misses you. The quokka closely misses you.
The leopard gecko bites you.
* * * LOW HITPOINT WARNING * * *
You feel very mighty all of a sudden.
The quokka bites you but does no damage.
The leopard gecko bites you.
You die...

. . ..# .###. # .....
......# ...
#.#.######..#..# ..
............#..### .
#..#.#.# #..........
#.##..#.#.# #.#..#..####
#.....#.#.####..........
###............r@l###..###
##..#...........†..%..#
#..#.##.##.###..####.#
#..#.##.##.# #..# #
###.......##.###..#
....##..#.##......#
...........#......#
##.....##..#......#
.####..##..#......#


You could see a leopard gecko and a quokka.

Vanquished Creatures
  Jessica (D:2)
  A worm (D:2)
  2 dart slugs
  2 leopard geckos (D:1)
  2 giant cockroaches (D:2)
  5 goblins (D:1)
  4 hobgoblins (D:1)
  6 bats (D:1)
  3 frilled lizards
  3 kobolds (D:1)
  4 rats
33 creatures vanquished.

Notes
Turn   | Place    | Note
-------+----------+-------------------------------------------
     0 | D:1      | Dordric the Hill Orc Fighter began the quest for the Orb.
     0 | D:1      | Reached XP level 1. HP: 19/19 MP: 1/1
   139 | D:1      | Reached XP level 2. HP: 18/27 MP: 2/2
   145 | D:1      | Reached skill level 3 in Maces & Flails
   459 | D:1      | Reached XP level 3. HP: 33/33 MP: 3/3
   961 | D:2      | Noticed Jessica
   982 | D:2      | Killed Jessica
   982 | D:2      | Reached skill level 4 in Maces & Flails
   982 | D:2      | Reached XP level 4. HP: 10/40 MP: 4/4
  1044 | D:2      | HP: 1/40 [leopard gecko (3)]
  1045 | D:2      | Slain by a leopard gecko

Vault maps used:
D:1:      dpeg_arrival_lava_temple_mockup, minmay_tromino_i4
D:2:      lemuel_doored_altar, lemuel_crystal_altar, uniq_jessica

Skill      XL: |  1  2  3 |
---------------+----------+-----
Maces & Flails | 3 4 |  4.4
Fighting       | |  3.7
Armour         | |  3.2
Dodging        | |  0.9
Shields        | |  3.2

Action                   |  1- 3 |  4- 6 || total
-------------------------+-------+-------++-------
Melee: Flail             |    76 |    19 ||    95
       Whip              |    11 |       ||    11
  Use: Scroll            |       |     5 ||     5
       Potion            |       |     1 ||     1
  Eat: Bread ration      |     1 |       ||     1
       Chunk             |       |     1 ||     1
Armor: Scale mail        |    44 |    12 ||    56
Dodge: Dodged            |    25 |    11 ||    36
Block: Shield            |    47 |    12 ||    59

Table legend:
 A = Spawn XP
 B = Non-spawn XP
 C = Spawn XP percentage of total XP
 D = Spawn monster count
 E = Non-spawn monster count
 F = Spawn count percentage of total count
 G = Total turns spent on level
                    A         B        C        D         E        F      G
               +---------+---------+-------+---------+---------+-------+---------
         Total |       0 |      96 |   0.0 |       0 |      33 |   0.0 |  1045
               +---------+---------+-------+---------+---------+-------+---------
           D:1 |       0 |      44 |   0.0 |       0 |      26 |   0.0 |   944
           D:2 |       0 |      52 |   0.0 |       0 |       7 |   0.0 |   101
               +---------+---------+-------+---------+---------+-------+---------
